 Dungeon Crawl Stone Soup version 0.28-a0-1506-g3893175d92 (webtiles) character file.

Game seed: 2170607504635985095

40 innerfire433 the Gusty (level 3, 0/37 HPs)
             Began as a Demonspawn Air Elementalist on Jan 12, 2022.
             Was a Follower of Kikubaaqudgha.
             Slain by a hobgoblin (4 damage)
             ... on level 2 of the Dungeon on Jan 13, 2022.
             The game lasted 00:07:45 (1638 turns).

innerfire433 the Gusty (DsAE)                       Turns: 1638, Time: 00:07:47

Health: 0/37       AC: 21    Str:  8    XL:     3   Next: 30%
Magic:  4/6        EV:  2    Int: 18    God:    Kikubaaqudgha [*.....]
Gold:   27         SH:  0    Dex: 13    Spells: 5/6 levels left

rFire   . . .      SeeInvis .   f - +0 scimitar
rCold   . . .      Faith    .   (no shield)
rNeg    . . .      Spirit   .   (armour currently unavailable)
rPois   +          Reflect  .   (helmet currently unavailable)
rElec   .          Harm     .   (cloak currently unavailable)
rCorr   .          Rampage  .   (gloves currently unavailable)
Will    .....      NoTele   +   (boots currently unavailable)
Stlth   ++........              (no amulet)
HPRegen 0.12/turn               g - ring of flight
MPRegen 0.10/turn               (no ring)

@: tree-form, very slightly contaminated
A: stationary, stasis, torment immunity, boosted hp, powered by pain 1, (spiny
1)
a: Renounce Religion, Receive Corpses


You were on level 2 of the Dungeon.
You worshipped Kikubaaqudgha.
Kikubaaqudgha was aware of your devotion.
You were a tree.
You visited 1 branch of the dungeon, and saw 2 of its levels.

You collected 27 gold pieces.

Inventory:

Hand Weapons
 f - a +0 scimitar (weapon)
Armour
 a - a +0 robe
 d - a +1 pair of boots (melded)
 e - a +0 ring mail (melded)
Jewellery
 g - a ring of flight (left branch)
Scrolls
 b - a scroll of noise {unknown}


   Skills:
 + Level 0.4 Fighting
 * Level 0.2 Long Blades
 - Level 2.1 Dodging
 - Level 1.8 Stealth
 + Level 2.3 Spellcasting
 - Level 1.0 Conjurations
 * Level 0.2 Necromancy
 + Level 3.3 Air Magic


You had 5 spell levels left.
You knew the following spells:

 Your Spells              Type           Power      Damage    Failure   Level
a - Shock                 Conj/Air       36%        1d5       7%          1

Your spell library contained the following spells:

 Spells                   Type           Power      Damage    Failure   Level
 Static Discharge         Conj/Air       9%         N/A       11%         2
 Corpse Rot               Necr/Air       16%        N/A       13%         2
 Swiftness                Air            14%        N/A       13%         3
 Animate Skeleton         Necr           4%         N/A       16%         1
 Sublimation of Blood     Necr           2%         N/A       24%         2
 Ensorcelled Hibernation  Hex/Ice        4%         N/A       26%         2
 Airstrike                Air            7%         N/A       41%         4
 Vampiric Draining        Necr           2%         2d6       43%         3
 Spider Form              Tmut/Pois      2%         N/A       45%         3
 Anguish                  Hex/Necr       1%         N/A       86%         4


Dungeon Overview and Level Annotations

Branches:
Dungeon (2/15)

Altars:
Kikubaaqudgha

Shops:
D:1 :


Innate Abilities, Weirdness & Mutations

You are a tree.
Your roots penetrate the ground, keeping you stationary.
You cannot be teleported.
You are immune to unholy pain and torment.
Your maximum health is greatly increased.
Your equipment is partially melded.
You sometimes gain a little power by taking damage.
((You are partially covered in sharp spines.))


Message History

Press: ? - help, Shift-Dir - straight line, f/p - hobgoblin
Aim: a hobgoblin, wielding a +0 quarterstaff (severely wounded, 68% to hit)
The zap misses the hobgoblin.
The hobgoblin hits you with a +0 quarterstaff!
* * * LOW HITPOINT WARNING * * *
You focus on the pain.
You feel your power returning.
It was a potion of lignification.
You turn into a tree.
Your +1 pair of boots melds into your body.
Your +0 ring mail melds into your body.
Your roots penetrate the ground.
The hobgoblin hits you with a +0 quarterstaff.
* * * LOW HITPOINT WARNING * * *
Unknown command.
You hit the hobgoblin but do no damage.
The hobgoblin is severely wounded.
The hobgoblin hits you but does no damage.
You barely miss the hobgoblin.
The hobgoblin is severely wounded.
The hobgoblin hits you but does no damage. x2
Your magical contamination has completely faded away.
You barely miss the hobgoblin.
The hobgoblin is severely wounded.
The hobgoblin hits you but does no damage.
Casting: Shock (safe; 7% risk of failure)
Confirm with . or Enter, or press ? or * to list all spells.
Aiming: Shock (safe; 7% risk of failure)
Press: ? - help, Shift-Dir - straight line, f/p - hobgoblin
Aim: a hobgoblin, wielding a +0 quarterstaff (severely wounded, 68% to hit)
The zap misses the hobgoblin.
The hobgoblin hits you but does no damage.
Casting: Shock (safe; 7% risk of failure)
Confirm with . or Enter, or press ? or * to list all spells.
Aiming: Shock (safe; 7% risk of failure)
Press: ? - help, Shift-Dir - straight line, f/p - hobgoblin
Aim: a hobgoblin, wielding a +0 quarterstaff (severely wounded, 68% to hit)
You miscast Shock.
You are very lightly contaminated with residual magic.
Nothing appears to happen.
The hobgoblin hits you with a +0 quarterstaff.
You die...
Kikubaaqudgha rasps: "You have failed me!
Welcome... death!"

#.# #.# ..# #
..#.### ##.#...
....
################g#
................♣#
##################


You could see a hobgoblin.

Vanquished Creatures
  An adder (D:2)
  3 dart slugs (D:1)
  2 endoplasms (D:1)
  4 giant cockroaches (D:1)
  4 goblins (D:1)
  A ball python (D:1)
  7 frilled lizards
  3 kobolds
  A rat (D:1)
26 creatures vanquished.

Notes
Turn   | Place    | Note
-------+----------+-------------------------------------------
     0 | D:1      | innerfire433 the Demonspawn Air Elementalist began the
                  | quest for the Orb.
     0 | D:1      | Reached XP level 1. HP: 13/13 MP: 3/3
    57 | D:1      | Reached skill level 3 in Air Magic
   275 | D:1      | Gained mutation: You are partially covered in sharp spines.
                  | [demonic ancestry]
   275 | D:1      | Reached XP level 2. HP: 17/19 MP: 0/5
  1011 | D:1      | Found Vapnat's Book Shoppe.
  1279 | D:1      | Gained mutation: You sometimes gain a little power by
                  | taking damage. [demonic ancestry]
  1279 | D:1      | Reached XP level 3. HP: 20/25 MP: 0/6
  1334 | D:1      | Found a faded altar of an unknown god.
  1339 | D:1      | Prayed at the altar of an unknown god.
  1339 | D:1      | Became a worshipper of Kikubaaqudgha
  1339 | D:1      | Reached * piety under Kikubaaqudgha
  1339 | D:1      | Received a gift from Kikubaaqudgha
  1423 | D:2      | Upgraded the game from 0.28-a0-1493-g08698888e4 to
                  | 0.28-a0-1506-g3893175d92
  1638 | D:2      | Slain by a hobgoblin

Illustrated notes

Levels and vault maps discovered:
D:1:      saegor_arrival_miasma, layout_rooms,
          shapermc_ecumenical_altar_hornbeckon, serial_shops,
          nicolae_shop_advertising_works [nicolae_subvault_shop_adworks],
          hangedman_decor_points, nicolae_figureground_sparkle
D:2:      layout_basic, chequers_hall_statues_corner_a,
          chequers_serial_rivers_marsh, uniq_robin, uniq_sigmund, uniq_terence

Skill      XL: |  1 |
---------------+----+-----
Air Magic      | 3 |  3.3
Dodging        | 2 |  2.1
Fighting       | |  0.4
Long Blades    | |  0.2
Stealth        | |  1.8
Spellcasting   | |  2.3
Conjurations   | |  1.0
Necromancy     | |  0.2

Action                   || total
-------------------------++-------
Melee: Unarmed           ||    28
       Scimitar          ||     9
       Punch             ||     1
 Cast: Shock             ||    31
  Use: Potion            ||     1
Armor: Robe              ||    10
       Ring mail         ||     3
       Skin              ||     5
Dodge: Dodged            ||    26

Table legend: (Time is in decaauts)
 A = Elapsed time spent in this place.
 B = Non-inter-level travel time spent in this place.
 C = Inter-level travel time spent in this place.
 D = Time resting spent in this place.
 E = Time spent auto-exploring this place.
 F = Levels seen in this place.
 G = Mean time per level.
                   A        B        C        D        E       F      G
               +--------+--------+--------+--------+--------+-----+--------+
         Total |   1640 |   1578 |     62 |      0 |   1298 |   2 |  820.0 |
       Dungeon |   1640 |   1578 |     62 |      0 |   1298 |   2 |  820.0 |
               +--------+--------+--------+--------+--------+-----+--------+

Top non-repeatable levels by time:
     D:1: 1402 daAuts
     D:2: 237 daAuts
